 Dungeon Crawl Stone Soup version 0.25.0-10-g039870ee82 (webtiles) character file.

Game seed: 11871636281402988244

16132 Acheron the Cleaver (level 12, -3/103 HPs)
             Began as a Minotaur Fighter on June 23, 2020.
             Slain by a tentacled starspawn (29 damage)
             ... on level 2 of the Abyss.
             The game lasted 01:26:35 (11315 turns).

Acheron the Cleaver (Minotaur Fighter)             Turns: 11315, Time: 01:26:35

Health: -3/103     AC: 18    Str: 21    XL:     12   Next: 7%
Magic:  14/14      EV:  7    Int:  7    God:
Gold:   1069       SH:  5    Dex:  9    Spells: 10/16 levels left

rFire    + . .     SeeInvis .   a - +3 war axe (flame)
rCold    + . .     Gourm    .   n - +0 buckler
rNeg     . . .     Faith    .   B - +2 chain mail {MR+}
rPois    +         Spirit   .   (helmet restricted)
rElec    +         Reflect  .   e - +1 cloak
rCorr    +         Harm     .   P - +0 pair of gloves
MR       +....                  l - +0 pair of boots
Stlth    ..........             (no amulet)
HPRegen  0.00/turn              p - ring of resist corrosion
MPRegen  0.14/turn              r - ring of poison resistance

@: resistant, non-regenerating, diseased, constricted
A: retaliatory headbutt, horns 2, [blurry vision 2], [clumsy 2], [screaming 2]
a: no special abilities


You were on level 2 of the Abyss.
You were not hungry.

You visited 3 branches of the dungeon, and saw 15 of its levels.
You visited the Abyss 2 times.
You also visited: Bailey.

You collected 1069 gold pieces.

Inventory:

Hand Weapons
 a - a +3 war axe of flaming (weapon)
 h - a +2 short sword of draining
 o - a +2 dagger of speed
 w - a +2 war axe of freezing
 F - a +2 mace of holy wrath
 K - a +2 spear of flaming
 N - a +4 flail
 S - the +12 glaive of Prune {vorpal}
   (You found it on level 10 of the Dungeon)

   It inflicts extra damage upon your enemies.
 T - a +1 falchion of holy wrath
Missiles
 v - 58 poisoned darts
 A - 13 sling bullets
 D - 14 arrows
 M - 5 atropa-tipped darts (quivered)
 Q - 8 curare-tipped darts
Armour
 c - a +2 chain mail of poison resistance
 e - a +1 cloak (worn)
 l - a +0 pair of boots (worn)
 n - a +0 buckler (worn)
 B - a +2 chain mail of magic resistance (worn)
 P - a +0 pair of gloves (worn)
Jewellery
 m - an uncursed ring of fire
 p - a ring of resist corrosion (left hand)
 r - a ring of poison resistance (right hand)
 s - an uncursed amulet of magic regeneration
 y - an uncursed ring of protection from cold
 I - an uncursed ring of stealth
Wands
 i - a wand of digging (6)
 j - a wand of paralysis (11)
 x - a wand of acid (11)
 G - a wand of polymorph (9)
 J - a wand of disintegration (25)
 L - a wand of flame (36)
Scrolls
 b - a scroll of magic mapping
 H - 2 scrolls of fear
 O - 2 scrolls of identify
 R - 2 scrolls of remove curse
Potions
 d - a potion of might
 g - 2 potions of magic
 k - a potion of lignification
 q - a potion of heal wounds
 t - 3 potions of curing
 u - 3 potions of flight
 z - a potion of resistance
 C - 3 potions of brilliance
 E - 3 potions of ambrosia
 U - a potion of stabbing
 W - 3 potions of invisibility
Miscellaneous
 V - a box of beasts
Comestibles
 f - 14 rations


   Skills:
 * Level 8.8 Fighting
 + Level 2.4 Short Blades
 * Level 12.8 Axes
 * Level 5.4 Throwing
 * Level 8.8 Armour
 * Level 6.0 Dodging
 * Level 5.4 Stealth
 - Level 5.4 Shields
 * Level 2.6 Spellcasting
 * Level 1.9 Summonings
 * Level 1.8 Translocations
 * Level 3.1 Transmutations
 * Level 4.0 Evocations


You had 10 spell levels left.
You knew the following spells:

 Your Spells              Type           Power        Failure   Level  Hunger
a - Magic Dart            Conj           #...         95%         1    ##.....
b - Blink                 Tloc           N/A          88%         2    ###....
c - Call Imp              Summ           #.......     86%         2    ###....
d - Beastly Appendage     Tmut           #.....       56%         1    ##.....

Your spell library contained the following spells:

 Spells                   Type           Power        Failure   Level  Hunger
 Sticks to Snakes         Tmut           #.......     71%         2    ###....
 Summon Butterflies       Summ           #.......     75%         1    ##.....
 Apportation              Tloc           #.....       77%         1    ##.....
 Slow                     Hex            #.......     98%         2    ###....
 Gell's Gravitas          Tloc           #.........   98%         3    ####...
 Lesser Beckoning         Tloc           #.........   98%         3    ####...
 Spider Form              Tmut/Pois      #.........   99%         3    ####...
 Confusing Touch          Hex            #.......     100%        3    ####...
 Conjure Flame            Conj/Fire      #.......     100%        3    ####...
 Mephitic Cloud           Conj/Pois/Air  #.......     100%        3    ####...
 Tukima's Dance           Hex            #.......     100%        3    ####...
 Cause Fear               Hex            #.........   100%        4    #####..
 Ice Form                 Ice/Tmut       #.......     100%        4    #####..
 Petrify                  Tmut/Erth      #.......     100%        4    #####..
 Alistair's Intoxication  Tmut/Pois      #.......     100%        5    ######.
 Blade Hands              Tmut           #.........   100%        5    ######.
 Metabolic Englaciation   Hex/Ice        #.........   100%        5    ######.
 Silence                  Hex/Air        #.........   100%        5    ######.
 Yara's Violent Unravell  Hex/Tmut       #.........   100%        5    ######.
 Invisibility             Hex            #.......     100%        6    #######
 Discord                  Hex            #.........   100%        8    #######


Dungeon Overview and Level Annotations

Branches:
Dungeon (12/15)            Temple (1/1) D:6            Lair (0/6) D:8
    Orc (2/2) D:11         Bailey (visited)
    Elf: Orc:2

Altars:
Cheibriados
Dithmenos
Elyvilon
Fedhas
Gozag
Hepliaklqana
Kikubaaqudgha
Qazlal
Ru
Uskayaw
Vehumet
Wu Jian
Xom
Yredelemnul
The Shining One
Lugonu

Shops:
D:5 :   D:6 }

Annotations:
D:6 1 transporter
D:10 1 runed translucent door, exclusion: player ghost, DungeonDestroyer's ghost, journeyman GnFi


Innate Abilities, Weirdness & Mutations

You reflexively headbutt those who attack you in melee.
You have a pair of horns on your head.
[Scrolls take you longer to read.]
[You are very clumsy. (Dex -4)]
[You sometimes yell uncontrollably at your foes.]


Message History

Okay, then.
You feel much better.
You block the starspawn tentacle's attack.
The tentacled starspawn bites you!!
* * * LOW HITPOINT WARNING * * *
The tentacled starspawn engulfs you.
* * * LOW HITPOINT WARNING * * *
You feel protected. The starspawn tentacle grabs you.
* * * LOW HITPOINT WARNING * * *
The starspawn tentacle constricts you.
The tentacled starspawn bites you but does no damage.
The tentacled starspawn engulfs you!
* * * LOW HITPOINT WARNING * * *
You feel much better.
The wretched star pulses with an eldritch light!
You feel clumsy. x2
* * * LOW HITPOINT WARNING * * *
The starspawn tentacle constricts you. The tentacled starspawn bites you!!
You die...

# # #. .#
.# #. ##.
.## ..# #
.. ..#..
#..##..#...
#....#*.#
##w@#
##)#X## ##
#..#w# #..
..##.# #...
#.# # # .
..## # #
..#.. . # .
## # # .. #
x .# #


You could see a tentacled starspawn, a wretched star and 2 starspawn tentacles.

Vanquished Creatures
  A great orb of eyes (Abyss:3)
  2 two-headed ogres
  Sonja (D:11)
  A wolf spider zombie (D:12)
  An ugly thing (D:11)
  A manticore (D:11)
  2 slime creatures (D:12)
  A rust devil (Abyss:2)
  2 kobold demonologists (D:11)
  A freezing wraith (D:11)
  An ancient zyme (Abyss:2)
  A hornet (D:11)
  4 hippogriffs
  A dream sheep (D:8)
  5 yaks (D:9)
  A wraith (D:11)
  3 small abominations (Abyss:2)
  3 hungry ghosts
  2 large abominations (Abyss:2)
  A chaos spawn (Abyss:2)
  Menkaure (D:5)
  6 wargs
  An acid dragon (D:11)
  2 water moccasins
  3 phantoms
  A sky beast (D:12)
  2 black bears
  7 orc warriors
  2 eyes of draining
  A necrophage (D:7)
  5 ogres
  6 centaurs
  A crocodile (D:9)
  A big kobold (D:9)
  2 gnoll sergeants
  7 bullfrogs
  A water moccasin zombie (D:8)
  10 killer bees
  3 scorpions
  3 wights (D:9)
  7 howler monkeys
  4 crimson imps
  2 bullfrog zombies
  A quasit (D:7)
  A bullfrog skeleton (D:7)
  A jelly (D:7)
  8 orc priests
  15 orc wizards
  2 centaur skeletons
  4 hounds
  7 iguanas
  6 worker ants
  2 hound zombies
  A hound skeleton (D:7)
  12 gnolls
  7 adders
  3 shadow imps
  A white imp (Abyss:2)
  3 oozes (D:4)
  3 adder skeletons
  4 worms
  2 dart slugs
  2 leopard geckos
  34 orcs
  A bat (D:2)
  5 giant cockroaches
  22 goblins
  7 hobgoblins
  7 jackals (D:1)
  9 quokkas
  A ball python (D:3)
  6 frilled lizards
  A jackal skeleton (D:4)
  A jackal zombie (D:6)
  11 kobolds
  10 rats
  A starspawn tentacle (Abyss:2)
314 creatures vanquished.

Vanquished Creatures (others)
  4 dream sheep (D:8)
  2 plants (D:9)
  6 starspawn tentacles (Abyss:2)
12 creatures vanquished.

Grand Total: 326 creatures vanquished

Notes
Turn   | Place    | Note
-------+----------+-------------------------------------------
     0 | D:1      | Acheron the Minotaur Fighter began the quest for the Orb.
     0 | D:1      | Reached XP level 1. HP: 19/19 MP: 0/0
   186 | D:1      | Reached XP level 2. HP: 17/27 MP: 1/1
   414 | D:1      | Reached XP level 3. HP: 33/33 MP: 2/2
   570 | D:2      | Reached skill level 1 in Short Blades
   570 | D:2      | Reached skill level 3 in Axes
   570 | D:2      | Reached skill level 1 in Dodging
   591 | D:2      | Found a white marble altar of Elyvilon.
   782 | D:1      | Reached XP level 4. HP: 39/40 MP: 3/3
   938 | D:3      | Reached skill level 1 in Stealth
  1121 | D:3      | You fall into a shaft and drop 2 floors!
  1121 | D:5      | Entered Level 5 of the Dungeon
  1139 | D:5      | Found a sacrificial altar of Ru.
  1145 | D:5      | Reached skill level 4 in Axes
  1145 | D:5      | Reached XP level 5. HP: 46/46 MP: 4/4
  1170 | D:5      | Found Orol's Book Shoppe.
  1303 | D:5      | Noticed a centaur
  1310 | D:5      | Killed a centaur
  1417 | D:4      | Reached skill level 1 in Throwing
  1417 | D:4      | Reached XP level 6. HP: 52/53 MP: 5/5
  1433 | D:4      | Reached skill level 5 in Axes
  1787 | D:3      | Reached XP level 7. HP: 50/60 MP: 6/6
  2194 | D:3      | Reached skill level 6 in Axes
  2485 | D:4      | Reached skill level 5 in Fighting
  3101 | D:4      | Found a stormy altar of Qazlal.
  3152 | D:5      | Noticed Menkaure
  3160 | D:5      | Killed Menkaure
  3455 | D:6      | Reached skill level 7 in Axes
  3455 | D:6      | Reached XP level 8. HP: 36/68 MP: 7/7
  3802 | D:6      | Reached skill level 5 in Armour
  4030 | D:6      | Found Ometef's Gadget Shop.
  4030 | D:6      | Found a staircase to the Ecumenical Temple.
  4071 | Temple   | Entered the Ecumenical Temple
  4135 | D:6      | Found a transporter.
  4139 | D:6      | Noticed a kobold demonologist
  4216 | D:7      | Found a glowing golden altar of the Shining One.
  4258 | D:7      | Reached skill level 5 in Shields
  4376 | D:7      | Reached skill level 8 in Axes
  4421 | D:7      | Reached skill level 1 in Evocations
  4511 | D:7      | Found a hazy altar of Hepliaklqana.
  4612 | D:7      | Reached XP level 9. HP: 75/75 MP: 8/8
  4638 | D:8      | Found a staircase to the Lair.
  4725 | D:7      | Found a flagged portal.
  4731 | Bailey   | Entered a bailey
  4788 | Bailey   | Noticed an orc high priest
  4805 | Bailey   | Noticed an orc high priest
  4814 | Bailey   | Noticed a red devil
  4818 | Bailey   | Noticed an ice devil
  4818 | Bailey   | Noticed a sun demon
  4892 | D:7      | Reached skill level 9 in Axes
  4970 | D:7      | Learned a level 1 spell: Magic Dart
  4973 | D:7      | Learned a level 2 spell: Call Imp
  4976 | D:7      | Learned a level 2 spell: Blink
  5173 | D:8      | Learned a level 1 spell: Beastly Appendage
  5410 | D:8      | Found a shimmering altar of Xom.
  5472 | D:8      | Found an ancient bone altar of Kikubaaqudgha.
  6050 | D:9      | Reached skill level 1 in Transmutations
  6060 | D:9      | Reached skill level 10 in Axes
  6069 | D:10     | Entered Level 10 of the Dungeon
  6458 | D:9      | Found a shadowy altar of Dithmenos.
  6463 | D:9      | Reached skill level 1 in Spellcasting
  6463 | D:9      | Reached XP level 10. HP: 78/84 MP: 10/10
  6516 | D:9      | Found a blossoming altar of Fedhas.
  7503 | D:10     | Found a runed translucent door.
  7503 | D:10     | Found a shimmering altar of Xom.
  7503 | D:10     | Noticed a +1 rapier of chaos
  7503 | D:10     | Noticed DungeonDestroyer's ghost (journeyman GnFi)
  7589 | D:10     | Reached skill level 11 in Axes
  7794 | D:10     | Found the +12 glaive of Prune {vorpal}
  7949 | D:11     | Noticed a manticore
  7958 | D:11     | Killed a manticore
  7958 | D:11     | Reached skill level 5 in Dodging
  8384 | D:11     | Noticed a skeletal warrior
  8454 | D:11     | Noticed a two-headed ogre
  8475 | D:10     | Killed a two-headed ogre
  8475 | D:10     | Reached XP level 11. HP: 57/92 MP: 12/12
  8831 | D:11     | Reached skill level 1 in Summonings
  8850 | D:11     | Found a staircase to the Orcish Mines.
  8880 | D:11     | Noticed Sonja
  8896 | D:11     | Killed Sonja
  9006 | D:11     | Reached skill level 1 in Translocations
  9153 | D:11     | Reached skill level 5 in Stealth
  9363 | Orc:1    | Entered Level 1 of the Orcish Mines
  9392 | Orc:2    | Entered Level 2 of the Orcish Mines
  9393 | Orc:2    | Identified the +3 executioner's axe of Zuri Nidd {distort,
                  | Str+3}
  9393 | Orc:2    | Noticed an orc warlord
  9461 | D:11     | Noticed a sixfirhy
  9462 | D:11     | Reached skill level 12 in Axes
  9823 | D:11     | Reached skill level 5 in Throwing
  9957 | D:12     | Found a basalt altar of Yredelemnul.
 10252 | D:12     | Noticed a two-headed ogre
 10265 | D:12     | Killed a two-headed ogre
 10500 | D:12     | Noticed a white ugly thing
 10502 | D:12     | Noticed a purple ugly thing
 10517 | D:11     | Killed a white ugly thing
 10524 | D:11     | Cast into level 2 of the Abyss (big kobold)
 10534 | Abyss:3  | Noticed a +1 long sword of holy wrath
 10534 | Abyss:3  | Noticed an angel
 10602 | Abyss:3  | Noticed a great orb of eyes
 10613 | Abyss:3  | Killed a great orb of eyes
 10726 | Abyss:3  | Noticed a wretched star
 10729 | D:11     | Escaped the Abyss
 10989 | D:11     | Cast into level 2 of the Abyss (big kobold)
 11159 | Abyss:2  | Reached XP level 12. HP: 62/103 MP: 14/14
 11280 | Abyss:2  | Noticed a tentacled starspawn
 11314 | Abyss:2  | HP: 4/103 [tentacled starspawn (16)]
 11315 | Abyss:2  | Slain by a tentacled starspawn

Illustrated notes

Levels and vault maps discovered:
D:1:      minmay_arrival_loop, layout_rooms
D:2:      layout_basic, elyvilon_altar_1, minitemple
D:3:      layout_basic, first_ration, minmay_ogre_servants
D:4:      minmay_polygon_palace, layout_loops_ring,
          nicolae_qazlal_eye_of_the_storm
D:5:      layout_basic, evilmike_ruin_ashenzari, basic_altar, serial_shops,
          shop, uniq_menkaure
D:6:      gammafunk_wand_slinger, layout_rooms, grunt_temple_overflow_octagram,
          minmay_temple_entry_statues_fountains, serial_corexii_hall,
          corexii_hall_statues_x, corexii_hall_statues_u, serial_shops, shop,
          roderic_roman_lattice, kennysheep_generic_room_16, uniq_eustachio,
          uniq_grinder, uniq_blork_the_orc
D:7:      layout_rooms, lemuel_coloured_pillars_altar, basic_altar,
          enter_bailey_3
D:8:      layout_basic, overflow_temple_1_default, kb_xom_exploding_sheep
D:9:      layout_loops_ring, nicolae_dithmenos_the_darkroom, blue_anna_alchemist
          [blue_anna_fruit_fields, blue_anna_fruit_fields],
          fedhas_ov_isle_minmay
D:10:     layout_rooms, ebering_ghost_xom, nooodl_orcs_dogs
D:11:     layout_irregular_city, david_orc_1_choice, uniq_sonja
D:12:     layout_roguey, basic_altar, yredelemnul_altar_generic
Temple:   corrupted_temple
Orc:1:    layout_diamond_mine
Orc:2:    st_orc_ogre_mass, layout_diamond_mine, special_room,
          gammafunk_ghost_abyssal_escape, serial_shops, shop, uniq_azrael,
          uniq_erolcha
Abyss:2:  base: D:10, base: Orc:2, bh_abyss_exit_grid, base:
Orc:2

Skill      XL: |  1  2  3  4  5  6  7  8  9 10 11 12 |
---------------+-------------------------------------+-----
Fighting       | 4 5 6 7 8 |  8.8
Short Blades   | 1 2 |  2.4
Axes           | 3 4 5 7 8 10 11 12 | 12.8
Armour         | 4 5 6 7 8 |  8.8
Dodging        | 1 2 3 4 5 6 |  6.0
Shields        | 4 5 |  5.4
Stealth        | 1 2 3 4 5 |  5.4
Throwing       | 1 2 3 4 5 |  5.4
Evocations     | 1 2 3 4 |  4.0
Transmutations | 1 2 3 |  3.1
Spellcasting   | 1 2 |  2.6
Summonings     | 1 |  1.9
Translocations | 1 |  1.8

Action                   |  1- 3 |  4- 6 |  7- 9 | 10-12 || total
-------------------------+-------+-------+-------+-------++-------
Melee: War axe           |    72 |    88 |   330 |   423 ||   913
       Headbutt          |     7 |    16 |    48 |    99 ||   170
Throw: Stone             |     1 |     2 |       |       ||     3
       Dart              |       |       |     4 |    17 ||    21
Evoke: Wand              |       |       |     7 |    16 ||    23
  Use: Scroll            |       |     4 |    20 |     7 ||    31
       Potion            |       |       |       |     6 ||     6
 Stab: Invisible         |       |       |     1 |     2 ||     3
  Eat: Chunk             |       |     3 |     7 |     6 ||    16
       Ration            |       |       |     4 |     3 ||     7
Armor: Scale mail        |    27 |    41 |    65 |       ||   133
       Chain mail        |       |       |    64 |   225 ||   289
Dodge: Dodged            |    24 |    31 |   127 |   187 ||   369
Block: Kite shield       |    34 |    34 |   135 |       ||   203
       Buckler           |       |       |    23 |   120 ||   143
